 Dungeon Crawl Stone Soup version 0.27-a0-1154-gfdeffcb720 (webtiles) character file.

Game seed: 14910287216969513929

1372 tilp the Chopper (level 8, -9/63 HPs)
             Began as a Barachi Necromancer on May 14, 2021.
             Was an Initiate of Kikubaaqudgha.
             Shot with an arrow by a centaur (10 damage)
             ... on level 6 of the Dungeon.
             The game lasted 00:17:16 (11033 turns).

tilp the Chopper (Barachi Necromancer)             Turns: 11033, Time: 00:17:17

Health: -9/63      AC:  3    Str: 12    XL:     8   Next: 66%
Magic:  11/11      EV: 11    Int: 16    God:    Kikubaaqudgha [......]
Gold:   265        SH:  0    Dex: 12    Spells: 6/11 levels left

rFire    + . .     SeeInvis .   a - +0 hand axe (freeze)
rCold    + + .     Faith    .   (no shield)
rNeg     . . .     Spirit   .   h - +0 leather armour
rPois    .         Reflect  .   (no helmet)
rElec    .         Harm     .   o - scarf {rC+ rF+}
rCorr    .         Rampage  .   (no gloves)
Will     .....                  (no boots)
Stlth    ++........             m - amulet of magic regeneration
HPRegen  0.20/turn              p - ring of protection from cold
MPRegen  0.37/turn              (no ring)

@: unable to hop, slow
A: amphibious, slowness 1, strong legs 1, +LOS
a: Hop, Renounce Religion


You were on level 6 of the Dungeon.
You worshipped Kikubaaqudgha.
Kikubaaqudgha was noncommittal.
You visited 2 branches of the dungeon, and saw 8 of its levels.

You collected 265 gold pieces.

Inventory:

Hand Weapons
 a - a +0 hand axe of freezing (weapon)
 x - a +0 war axe
Missiles
 b - 37 sling bullets
 e - 7 curare-tipped darts {!f}
 i - 5 boomerangs
 n - 9 poisoned darts (quivered)
Armour
 c - a +0 robe
 h - a +0 leather armour (worn)
 k - a +2 kite shield
 o - a scarf of resistance (worn)
Jewellery
 g - a ring of ice
 m - an amulet of magic regeneration (around neck)
 p - a ring of protection from cold (left hand)
Wands
 j - a wand of iceblast (1)
Scrolls
 f - a scroll of brand weapon
 t - a scroll of enchant armour {unknown}
 w - a scroll of identify {unknown}
Potions
 d - a potion of curing
 l - a potion of flight {unknown}
 q - 2 potions of ambrosia
 r - a potion of attraction {unknown}
 s - 2 potions of haste {unknown}
 u - a potion of magic {unknown}
 v - a potion of mutation {unknown}


   Skills:
 + Level 5.4 Fighting
 + Level 6.9(7.0) Axes
 - Level 1.0(4.4) Maces & Flails
 - Level 2.1 Dodging
 - Level 4.0 Stealth
 - Level 2.1 Spellcasting
 - Level 6.0 Necromancy


You had 6 spell levels left.
You knew the following spells:

 Your Spells              Type           Power      Damage    Failure   Level
a - Pain                  Necr           80%        1d8       2%          1
b - Animate Skeleton      Necr           40%        N/A       2%          1
c - Vampiric Draining     Necr           10%        2d7       7%          3

Your spell library contained the following spells:

 Spells                   Type           Power      Damage    Failure   Level
 Animate Dead             Necr           10%        N/A       22%         4
 Magic Dart               Conj           4%         1d3       26%         1
 Searing Ray              Conj           2%         3d3       36%         2
 Agony                    Necr           20%        N/A       52%         5
 Dazzling Flash           Conj/Hex       2%         N/A       61%         3
 Fulminant Prism          Conj/Hex       0%         3d6       95%         4
 Iskenderun's Mystic Bla  Conj/Tloc      1%         2d3       95%         4


Dungeon Overview and Level Annotations

Branches:
Dungeon (7/15)             Temple (1/1) D:6

Altars:
Ashenzari
Cheibriados
Fedhas
Gozag
Hepliaklqana
Kikubaaqudgha
Nemelex Xobeh
Ru
Sif Muna
Trog
Uskayaw
Vehumet
Xom
Yredelemnul
Zin
The Shining One

Annotations:
D:2 Terence


Innate Abilities, Weirdness & Mutations

You are amphibious.
You cover ground slowly.
You can hop short distances.
You have an extended range of vision and can be seen from far away.


Message History

Before your eyes, flesh is ripped from the corpse!
The dead are walking!
Unknown command.
Your orc skeleton closely misses the phantom.
You closely miss the phantom.
The phantom is almost destroyed.
The phantom hits you.
* * * LOW HITPOINT WARNING * * *
Unknown command.
You hit the phantom.
The phantom is almost destroyed.
The phantom hits you.
* * * LOW HITPOINT WARNING * * *
Your orc skeleton barely misses the phantom.
Unknown command.
Aiming: Iceblast
Press: ? - help, Shift-Dir - straight line The mass of ice explodes!
The iceblast engulfs the phantom!
The phantom partially resists.
You destroy the phantom!
Kikubaaqudgha accepts your kill.
You hear a shout!
Unknown command.
You start resting.
Your orc skeleton crumbles into dust!
A centaur comes into view. It is wielding a +0 rapier.
The centaur unwields a +0 rapier.
The centaur wields a +0 shortbow.
The centaur shoots an arrow.
The arrow hits you!
* * * LOW HITPOINT WARNING * * *
Unknown command.
Hop to where?
Press: ? - help, Dir - move target Boing!
Unknown command.
There is a stone staircase leading up here.
The centaur shoots an arrow.
The arrow hits you.
* * * LOW HITPOINT WARNING * * *
The centaur shoots an arrow.
The arrow hits you!
You die...
Kikubaaqudgha rasps: "You have failed me!
Welcome... death!"

# #.# ##.## #.#..# #..#.<.# #
#.# ##...###.#..# #..#.#.## #
#.###.....##.#)(#####..c.....
#
#............#).)c...###.....
# ######.(...#####.###.##
##.... #
#.........###.c......# #..##
# #.######### #.##.###.# #..#
# #.# #.##.# ##.# #.#.##
####.# #@##.# #....#...
..##.# #>##.. .....$.# #.##.#
#.#### ##... #.##.# #.# ####
#.##.## #.# #.##..# #.#
#.###.## ##.# #.##...## #..#
#.#.....## ##.##


You could see a centaur.

Vanquished Creatures
  A water moccasin (D:5)
  Purgy (D:3)
  A phantom (D:6)
  A kobold brigand (D:3)
  A gnoll sergeant (D:6)
  2 bullfrogs
  A scorpion (D:4)
  A wyvern skeleton (D:6)
  A wight (D:6)
  A howler monkey (D:5)
  2 centaur zombies
  A bullfrog zombie (D:5)
  A centaur skeleton (D:6)
  4 hounds
  A jelly (D:5)
  An orc priest (D:6)
  An iguana (D:5)
  An orc wizard (Temple)
  4 gnolls
  8 adders
  2 worms (D:2)
  2 dart slugs
  6 orcs
  9 ball pythons
  2 bats
  7 endoplasms
  2 giant cockroaches
  7 goblins
  4 hobgoblins
  6 jackals (D:1)
  10 kobolds
  4 quokkas
  3 frilled lizards
  4 rats
103 creatures vanquished.

Vanquished Creatures (collateral kills)
  A kobold brigand (Temple)
  A gnoll (D:6)
2 creatures vanquished.

Vanquished Creatures (others)
  An orc wizard (D:6)
1 creature vanquished.

Grand Total: 106 creatures vanquished

Notes
Turn   | Place    | Note
-------+----------+-------------------------------------------
     0 | D:1      | tilp the Barachi Necromancer began the quest for the Orb.
     0 | D:1      | Reached XP level 1. HP: 13/13 MP: 3/3
   567 | D:1      | Reached XP level 2. HP: 3/19 MP: 5/5
   959 | D:1      | Learned a level 1 spell: Animate Skeleton
   974 | D:1      | HP: 1/20 [jackal (1)]
   989 | D:1      | Reached skill level 1 in Fighting
  1433 | D:1      | Reached XP level 3. HP: 25/26 MP: 6/6
  1437 | D:1      | Learned a level 3 spell: Vampiric Draining
  1825 | D:2      | Noticed Terence
  2403 | D:2      | Reached XP level 4. HP: 24/33 MP: 3/7
  3881 | D:3      | Noticed a kobold brigand
  3905 | D:3      | Reached XP level 5. HP: 34/38 MP: 5/8
  4038 | D:3      | Noticed Purgy
  4044 | D:3      | Killed Purgy
  4096 | D:3      | Reached XP level 6. HP: 37/47 MP: 7/9
  4505 | D:3      | Found a faded altar of an unknown god.
  4694 | D:3      | Found a broken altar of Ashenzari.
  5085 | D:4      | Found a blossoming altar of Fedhas.
  5325 | D:5      | Entered Level 5 of the Dungeon
  5891 | D:5      | Reached XP level 7. HP: 27/54 MP: 3/10
  5934 | D:5      | Reached skill level 5 in Axes
  7332 | D:5      | Found a hide-covered altar of Uskayaw.
  7332 | D:5      | Found a radiant altar of Vehumet.
  7332 | D:5      | Found a glowing silver altar of Zin.
  8199 | D:6      | Reached skill level 5 in Necromancy
  8498 | D:6      | Reached XP level 8. HP: 4/60 MP: 11/11
  8876 | D:6      | Found a staircase to the Ecumenical Temple.
  8974 | Temple   | Entered the Ecumenical Temple
  9134 | Temple   | Became a worshipper of Kikubaaqudgha
  9477 | D:6      | Reached skill level 1 in Maces & Flails
 10865 | D:6      | Reached skill level 5 in Fighting
 10971 | D:6      | HP: 2/62 [phantom (6)]
 11033 | D:6      | HP: 1/63 [centaur/arrow (4)]
 11033 | D:6      | Shot with an arrow by a centaur

Illustrated notes

Levels and vault maps discovered:
D:1:      onia_arrival_pyramid, layout_rooms, kennysheep_another_room,
          glass_columns_b
D:2:      layout_loops_corners, uniq_terence
D:3:      layout_loops_cross, lemuel_crystal_altar,
          hellmonk_ecumenical_altar_heavens_door, kennysheep_generic_room_7,
          uniq_purgy
D:4:      layout_loops_ring, fedhas_ov_isle_minmay
D:5:      layout_loops_ring, marbit_many_paths,
          chequers_temple_overflow_statue_of_worship,
          corexii_item_surrounded_by_moat
D:6:      layout_loops_ring, minmay_temple_entry_offerings
D:7:      layout_basic, grunt_qazlal_clouds, uniq_harold, uniq_menkaure
Temple:   minmay_temple_curvy_loop

Skill      XL: |  1  2  3  4  5  6  7  8 |
---------------+-------------------------+-----
Necromancy     | 4 5 6 |  6.0
Stealth        | 2 3 4 |  4.0
Fighting       | 1 2 3 4 5 |  5.4
Axes           | 2 4 6 |  6.9
Maces & Flails | 1 |  1.0
Dodging        | |  2.1
Spellcasting   | |  2.1

Action                   |  1- 3 |  4- 6 |  7- 9 || total
-------------------------+-------+-------+-------++-------
Melee: Hand axe          |   101 |    95 |   177 ||   373
Throw: Boomerang         |    10 |     9 |     3 ||    22
       Dart              |       |     4 |    16 ||    20
 Cast: Animate Skeleton  |     6 |     2 |    10 ||    18
       Pain              |    14 |    40 |    43 ||    97
       Vampiric Draining |       |       |     3 ||     3
 Abil: Hop               |     1 |     3 |     5 ||     9
Evoke: Wand              |       |     6 |     5 ||    11
  Use: Potion            |     1 |       |     2 ||     3
       Scroll            |     1 |     2 |     1 ||     4
 Stab: Sleeping          |     1 |     2 |       ||     3
       Distracted        |       |       |     2 ||     2
Armor: Robe              |     4 |       |       ||     4
       Leather armour    |    30 |    28 |    37 ||    95
Dodge: Dodged            |    91 |    83 |   124 ||   298

Table legend: (Time is in decaauts)
 A = Elapsed time spent in this place.
 B = Non-inter-level travel time spent in this place.
 C = Inter-level travel time spent in this place.
 D = Time resting spent in this place.
 E = Time spent auto-exploring this place.
 F = Levels seen in this place.
 G = Mean time per level.
                   A        B        C        D        E       F      G
               +--------+--------+--------+--------+--------+-----+--------+
         Total |  11895 |  11390 |    505 |   5169 |   4722 |   8 | 1486.9 |
       Dungeon |  10611 |  10178 |    433 |   4176 |   4570 |   7 | 1515.9 |
        Temple |   1284 |   1213 |     71 |    993 |    152 |   1 | 1284.0 |
               +--------+--------+--------+--------+--------+-----+--------+

Top non-repeatable levels by time:
     D:5: 2392 daAuts
     D:2: 2027 daAuts
     D:1: 1714 daAuts
     D:3: 1629 daAuts
     D:4: 1596 daAuts
  Temple: 1284 daAuts
     D:6: 1249 daAuts
     D:7: 1 daAuts
